 Dungeon Crawl Stone Soup version 0.30-a0-1074-g5db6f66fbb (webtiles) character file.

Game seed: 515809241682275270

15 kae the Chopper (level 2, -1/26 HPs)
             Began as a Hill Orc Fighter on Apr 13, 2023.
             Slain by a hobgoblin (4 damage)
             ... on level 1 of the Dungeon.
             The game lasted 00:00:14 (377 turns).

kae the Chopper (Hill Orc Fighter)                   Turns: 377, Time: 00:00:14

Health: -1/26      AC:  6    Str: 18    XL:     2   Next: 50%
Magic:  2/2        EV:  9    Int:  8    God:
Gold:   17         SH:  4    Dex: 10    Spells: 1/1 levels left

rFire   . . .      SeeInvis .    a - +0 war axe
rCold   . . .      Faith    .    c - +0 buckler
rNeg    . . .      Spirit   .    b - +0 scale mail
rPois   .          Reflect  .    (no helmet)
rElec   .          Rampage  .    (no cloak)
rCorr   .                        (no gloves)
Will    .....                    (no boots) Stlth
                                 (no amulet)
HPRegen 0.24/turn                (no ring)
MPRegen 0.08/turn                (no ring)

@: no status effects
A: no striking features
a: no special abilities


You were on level 1 of the Dungeon.
You visited 1 branch of the dungeon, and saw 1 of its levels.

You collected 17 gold pieces.


   Skills:
 - Level 3.6 Fighting
 + Level 4.1 Axes
 - Level 3.2 Armour
 - Level 3.2 Shields


You had one spell level left.
You didn't know any spells.
Your spell library was empty.

Inventory:

Hand Weapons
 a - a +0 war axe (weapon)
Armour
 b - a +0 scale mail (worn)
 c - a +0 buckler (worn)
Jewellery
 P - a ring of poison resistance
   (You found it on level 1 of the Dungeon)
Potions
 d - a potion of might
 e - a potion of lignification {unknown}

Dungeon Overview and Level Annotations

Branches:
Dungeon (1/15) Zot: 5608

Altars:

..........#.#........##
....##......#.........#
. ##...#.#.........#
##†..............#
#....)....##.......##
#.####>.#####.....##
.####..######...##
................#
##...g@#######.#
#....K†.# .#
#..[......# ..
+.........+ ..
#.........# ...
##.......## #.#
##.....## ##...##


You could see a hobgoblin and a kobold.


Message History

Found an escape hatch in the floor.
The bat hits you but does no damage. 😕 HP[+1]
A bat is nearby!
You block the bat's attack.
The bat hits you but does no damage. 😕 HP[+1]
A bat is nearby!
A bat is nearby!
You block the bat's attack.
You barely miss the bat. You block the bat's attack.
A bat is nearby!
You block the bat's attack. The bat barely misses you. 😕 HP[+1]
A bat is nearby!
The bat hits you but does no damage. The bat hits you but does no damage.
A bat is nearby!
The bat closely misses you. You block the bat's attack.
The bat hits you but does no damage. 😎 HP[+1]
Your hp is fully restored (26).
A bat is nearby!
You barely miss the bat. The bat misses you. The bat misses you.
A bat is nearby!
The bat barely misses you. The bat hits you but does no damage.
The bat barely misses you. x2
A bat is nearby!
You hit the bat.
You kill the bat!
No target in view!
e - a fuming cyan potion No target in view!
No target in view!
A kobold and a hobgoblin come into view.
The kobold shouts!
The hobgoblin shouts!
A hobgoblin comes into view.
The hobgoblin shouts!
There are monsters nearby!
You closely miss the kobold. The kobold hits you with a +0 whip.
You closely miss the hobgoblin. You barely miss the hobgoblin.
You barely miss the kobold. You block the hobgoblin's attack.
The hobgoblin hits you. The kobold barely misses you.
The kobold hits you with a +0 whip. The hobgoblin completely misses you.
You block the hobgoblin's attack.
There are monsters nearby! 😕 HP[-5]
You take 5 damage, and now have 21/26 hp.
You closely miss the hobgoblin. You miss the kobold.
You hit the hobgoblin but do no damage. The hobgoblin closely misses you.
The kobold hits you with a +0 whip. The hobgoblin hits you.
You are too injured to fight recklessly! 😮 HP[-4]
You take 4 damage, and now have 17/26 hp.
There are monsters nearby!
You are too injured to fight recklessly!
You are too injured to fight recklessly!
There are monsters nearby!
You are too injured to fight recklessly!
You are too injured to fight recklessly!
You are too injured to fight recklessly!
You are too injured to fight recklessly!
You barely miss the kobold. You hit the hobgoblin but do no damage.
You hit the hobgoblin.
You kill the hobgoblin!
The hobgoblin hits you but does no damage.
The kobold barely misses you. 😮 HP[+1]
You hit the kobold but do no damage. You hit the hobgoblin.
The kobold hits you with a +0 whip.
The hobgoblin hits you but does no damage.
You block the kobold's attack. The hobgoblin misses you. 😮 HP[-1]
You take 1 damage, and now have 17/26 hp.
You hit the kobold but do no damage. You barely miss the hobgoblin.
The kobold barely misses you. The hobgoblin hits you. 😮 HP[-3]
You take 3 damage, and now have 14/26 hp.
You barely miss the kobold. You barely miss the hobgoblin.
The hobgoblin hits you but does no damage.
The kobold hits you with a +0 whip.
* * * LOW HITPOINT WARNING * * *
😨 HP[-4]
You take 4 damage, and now have 10/26 hp.
You closely miss the kobold. You barely miss the hobgoblin.
The kobold barely misses you. The hobgoblin barely misses you. x2
The kobold hits you with a +0 whip.
* * * LOW HITPOINT WARNING * * *
😱 HP[-5]
You take 5 damage, and now have 5/26 hp.
You hit the kobold but do no damage. You closely miss the hobgoblin.
The hobgoblin hits you.
* * * LOW HITPOINT WARNING * * *
The kobold hits you but does no damage. 😱 HP[-3]
You take 3 damage, and now have 2/26 hp.
You closely miss the kobold. You barely miss the hobgoblin.
The hobgoblin hits you.
You die...

Skill      XL: |  1  2 |
---------------+-------+-----
Axes           | 3 4 |  4.1
Fighting       | |  3.6
Armour         | |  3.2
Shields        | |  3.2

Action                     || total
---------------------------++-------
  Melee: War axe           ||    40
 Armour: Scale mail        ||    30
  Dodge: Dodged            ||    31
  Block: Buckler           ||    14

Levels and vault maps discovered:
D:1:      dpeg_chamrin_arrival_tetris, layout_loops_corners, serial_shops,
          nicolae_lakefront_shop

Notes
Turn   | Place    | Note
-------+----------+-------------------------------------------
     0 | D:1      | kae the Hill Orc Fighter began the quest for the Orb.
     0 | D:1      | Reached XP level 1. HP: 19/19 MP: 1/1
     0 | D:1      | magus.rc [v1.11.3]
   104 | D:1      | Reached skill level 3 in Axes
   227 | D:1      | Reached XP level 2. HP: 23/26 MP: 2/2
   333 | D:1      | Reached skill level 4 in Axes
   375 | D:1      | HP: 5/26 [kobold/+0 whip (5)]
   376 | D:1      | HP: 2/26 [hobgoblin (3)]
   377 | D:1      | Slain by a hobgoblin

Vanquished Creatures
  A dart slug (D:1)
  2 bats (D:1)
  A giant cockroach (D:1)
  3 hobgoblins (D:1)
  2 quokkas (D:1)
  2 frilled lizards (D:1)
11 creatures vanquished.

Table legend:
 A = Non-vault XP
 B = Vault XP
 C = Vault XP percentage of total XP
 D = Non-vault monster count
 E = Vault monster count
 F = Vault count percentage of total count
                 A         B        C        D         E       F
            +---------+---------+-------+---------+---------+-------
      Total |      22 |       0 |   0.0 |      11 |       0 |   0.0
            +---------+---------+-------+---------+---------+-------
        D:1 |      22 |       0 |   0.0 |      11 |       0 |   0.0
            +---------+---------+-------+---------+---------+-------

Illustrated notes

Table legend:
 A = Kills in this place as a percentage of kills in the entire game.
 B = Kills by you in this place as a percentage of kills by you in the entire game.
 C = Kills by friends in this place as a percentage of kills by friends in the entire game.
 D = Other kills in this place as a percentage of other kills in the entire game.
 E = Experience gained in this place as a percentage of experience gained in the entire game.
 F = Experience gained in this place divided by the number of levels of this place that you have seen.
                   A       B       C       D       E      F
               +-------+-------+-------+-------+-------+----------------------
         Total | 100.0 | 100.0 |   N/A |   N/A | 100.0 |  22.0
       Dungeon | 100.0 | 100.0 |   N/A |   N/A | 100.0 |  22.0
               +-------+-------+-------+-------+-------+----------------------

Table legend: (Time is in decaauts)
 A = Elapsed time spent in this place.
 B = Non-inter-level travel time spent in this place.
 C = Inter-level travel time spent in this place.
 D = Time resting spent in this place.
 E = Time spent auto-exploring this place.
 F = Levels seen in this place.
 G = Mean time per level.
                   A        B        C        D        E       F      G
               +--------+--------+--------+--------+--------+-----+--------+
         Total |    390 |    390 |      0 |      0 |    294 |   1 |  390.0 |
       Dungeon |    390 |    390 |      0 |      0 |    294 |   1 |  390.0 |
               +--------+--------+--------+--------+--------+-----+--------+

Top non-repeatable levels by time:
     D:1: 390 daAuts
